General information
- name: BNet
- type: Ladder team game (AT/RT)
- host: Battle.net
- saver: LemmeSmellYoDic
map: SilverpineForest
- players: 6
- length: 99:53
- speed: Fast
- version: 1.21 W3XP
- replay type: Public
» download(572 KB)
Players
team 1 (loser)

»
dexblader (
yellow | 70 APM | 6262 actions | 90:01)
7 Death Knight
3 Death Coil
3 Unholy Aura
1 Animate Dead
5 Lich
3 Frost Nova
2 Frost Armor
» actions
| Assign group hotkey | 93 | |
| Basic commands | 1115 | |
| Build / train | 107 | |
| ESC pressed | 60 | |
| Enter build submenu | 40 | |
| Enter hero's abilities submenu | 12 | |
| Right click | 1365 | |
| Select / deselect | 1250 | |
| Select group hotkey | 2013 | |
| Use ability | 207 | |
6262 total
» units
| Acolyte | 17 | |
| Ghoul | 4 | |
| Crypt Fiend | 18 | |
| Obsidian Statue | 4 | |
| Frost Wyrm | 15 | |
| Gargoyle | 1 | |
| Goblin Zeppelin | 1 | |
| Necromancer | 1 | |
61 total
» upgrades
| Burrow | 1 | |
| Creature Attack | 3 | |
| Destroyer Form | 1 | |
| Freezing Breath | 1 | |
| Web | 1 | |
| Creature Carapace | 3 | |
| Necromancer Training | 2 | |
| Skeletal Longevity | 1 | |
| Skeletal Mastery | 1 | |
| Banshee Training | 1 | |
15 total
» buildings
| Crypt | 2 | |
| Ziggurat | 17 | |
| Altar of Darkness | 1 | |
| Graveyard | 1 | |
| Tomb of Relics | 1 | |
| Halls of the Dead | 4 | |
| Black Citadel | 2 | |
| Sacrificial Pit | 1 | |
| Slaughterhouse | 1 | |
| Boneyard | 2 | |
| Necropolis | 4 | |
| Spirit Tower | 5 | |
| Temple of the Damned | 2 | |
43 total
» build order
00:12 Crypt
00:14 Ziggurat
00:34 Altar of Darkness
01:00 Graveyard
01:59 Tomb of Relics
02:32 Halls of the Dead
02:32 Halls of the Dead
03:03 Ziggurat
05:24 Black Citadel
05:25 Black Citadel
05:53 Sacrificial Pit
07:03 Slaughterhouse
08:17 Boneyard
08:23 Boneyard
09:09 Ziggurat
09:11 Ziggurat
11:48 Ziggurat
16:37 Ziggurat
16:42 Necropolis
17:32 Ziggurat
18:51 Crypt
21:43 Ziggurat
21:45 Ziggurat
21:46 Ziggurat
21:52 Ziggurat
22:55 Spirit Tower
26:55 Ziggurat
26:56 Ziggurat
27:45 Ziggurat
27:47 Ziggurat
27:49 Spirit Tower
29:32 Spirit Tower
29:34 Ziggurat
30:17 Spirit Tower
30:26 Temple of the Damned
30:29 Temple of the Damned
32:45 Spirit Tower
34:31 Necropolis
36:21 Necropolis
38:13 Ziggurat
52:03 Necropolis
» items
| Staff of Teleportation | 1 | |
| Boots of Speed | 1 | |
| Rod of Necromancy | 1 | |
| Scroll of Town Portal | 1 | |
| Orb of Corruption | 1 | |
5 total
Sandman[LP] (
orange | 49 APM | 4897 actions | 99:51)
7 Tauren Chieftain
3 War Stomp
3 Endurance Aura
1 Reincarnation
» actions
| Assign group hotkey | 186 | |
| Basic commands | 573 | |
| Build / train | 151 | |
| Enter build submenu | 64 | |
| Enter hero's abilities submenu | 7 | |
| Right click | 1510 | |
| Select / deselect | 1139 | |
| Select group hotkey | 1006 | |
| Use ability | 261 | |
4897 total
» units
| Peon | 39 | |
| Grunt | 8 | |
| Raider | 7 | |
| Shaman | 9 | |
| Tauren | 4 | |
| Troll Batrider | 53 | |
| Demolisher | 8 | |
128 total
» upgrades
| Armor | 1 | |
| Melee Weapons | 1 | |
| Berserker Strength | 1 | |
| Ensnare | 1 | |
| Shaman Training | 2 | |
| Witch Doctor Training | 2 | |
| Pillage | 1 | |
| Backpack | 1 | |
10 total
» buildings
| Altar of Storms | 1 | |
| Orc Burrow | 9 | |
| Barracks | 1 | |
| War Mill | 3 | |
| Voodoo Lounge | 2 | |
| Stronghold | 2 | |
| Fortress | 2 | |
| Beastiary | 4 | |
| Spirit Lodge | 1 | |
| Tauren Totem | 2 | |
| Great Hall | 1 | |
| Watch Tower | 32 | |
60 total
» build order
00:07 Altar of Storms
00:11 Orc Burrow
00:38 Barracks
01:31 Orc Burrow
02:07 War Mill
02:17 War Mill
02:53 Voodoo Lounge
03:40 Orc Burrow
05:25 Stronghold
06:22 Orc Burrow
07:47 Fortress
07:50 Beastiary
08:17 Spirit Lodge
08:47 Orc Burrow
10:59 Tauren Totem
11:03 Tauren Totem
11:15 Orc Burrow
14:49 Beastiary
16:19 Great Hall
23:49 Orc Burrow
33:17 Watch Tower
34:03 Stronghold
36:46 Beastiary
36:50 Beastiary
36:52 Watch Tower
36:56 Watch Tower
36:59 Watch Tower
37:02 Watch Tower
39:41 Watch Tower
39:51 Watch Tower
40:00 Watch Tower
40:04 Watch Tower
40:11 Watch Tower
41:29 Watch Tower
41:39 Watch Tower
43:47 Watch Tower
44:39 Watch Tower
46:38 Fortress
50:49 Watch Tower
52:40 Watch Tower
52:42 Watch Tower
52:44 Watch Tower
52:47 Watch Tower
52:50 Watch Tower
52:53 Watch Tower
52:59 Watch Tower
53:02 Watch Tower
53:03 Watch Tower
53:05 Watch Tower
53:07 Watch Tower
53:08 Watch Tower
53:10 Watch Tower
53:12 Watch Tower
53:13 Watch Tower
53:15 Watch Tower
59:20 Voodoo Lounge
59:23 Watch Tower
61:24 War Mill
62:27 Orc Burrow
62:29 Orc Burrow
» items

»
SpinningLlama (
teal | 47 APM | 4561 actions | 96:19)
7 Mountain King
3 Storm Bolt
3 Bash
1 Avatar
6 Paladin
3 Holy Light
3 Divine Shield
» actions
| Assign group hotkey | 159 | |
| Basic commands | 453 | |
| Build / train | 158 | |
| ESC pressed | 30 | |
| Enter build submenu | 51 | |
| Enter hero's abilities submenu | 14 | |
| Give item / drop item | 7 | |
| Remove unit from queue | 4 | |
| Right click | 1737 | |
| Select / deselect | 1427 | |
| Select group hotkey | 218 | |
| Use ability | 300 | |
4561 total
» units
| Peasant | 21 | |
| Footman | 4 | |
| Rifleman | 5 | |
| Mortar Team | 17 | |
| Siege Engine | 4 | |
| Dragonhawk Rider | 31 | |
| Goblin Zeppelin | 1 | |
83 total
» upgrades
| Long Rifles | 1 | |
| Flare | 1 | |
| Lumber Harvesting | 2 | |
| Gunpowder | 3 | |
| Armor | 3 | |
| Fragmentation Shards | 1 | |
| Animal War Training | 1 | |
| Barrage | 1 | |
| Masonry | 3 | |
| Cloud | 1 | |
17 total
» buildings
| Barracks | 2 | |
| Altar of Kings | 1 | |
| Farm | 11 | |
| Arcane Vault | 1 | |
| Lumber Mill | 1 | |
| Keep | 1 | |
| Blacksmith | 1 | |
| Castle | 1 | |
| Workshop | 2 | |
| Town Hall | 3 | |
| Scout Tower | 30 | |
| Guard Tower | 13 | |
| Gryphon Aviary | 2 | |
| Arcane Tower | 5 | |
74 total
» build order
00:07 Barracks
00:09 Altar of Kings
00:28 Farm
01:10 Farm
01:52 Arcane Vault
01:59 Lumber Mill
03:06 Farm
03:07 Farm
03:08 Farm
03:20 Keep
03:42 Blacksmith
04:50 Barracks
06:12 Castle
06:28 Workshop
07:44 Farm
07:49 Farm
09:10 Farm
11:29 Workshop
15:38 Town Hall
23:51 Scout Tower
23:53 Scout Tower
24:32 Guard Tower
24:45 Scout Tower
24:48 Guard Tower
25:22 Guard Tower
25:57 Farm
25:58 Farm
25:59 Farm
26:18 Scout Tower
26:21 Scout Tower
26:53 Guard Tower
26:57 Scout Tower
26:58 Scout Tower
26:59 Scout Tower
27:00 Scout Tower
27:01 Scout Tower
27:05 Scout Tower
27:06 Scout Tower
27:07 Scout Tower
27:09 Scout Tower
27:12 Guard Tower
27:29 Gryphon Aviary
27:34 Gryphon Aviary
29:09 Guard Tower
37:20 Town Hall
43:09 Scout Tower
43:10 Scout Tower
43:13 Scout Tower
43:14 Scout Tower
44:22 Arcane Tower
47:27 Town Hall
49:07 Scout Tower
49:14 Scout Tower
49:16 Scout Tower
49:18 Scout Tower
49:42 Arcane Tower
49:47 Scout Tower
49:48 Guard Tower
49:49 Arcane Tower
49:51 Guard Tower
49:53 Scout Tower
49:55 Scout Tower
49:56 Scout Tower
50:01 Scout Tower
50:02 Scout Tower
50:10 Scout Tower
50:11 Scout Tower
50:15 Guard Tower
50:40 Arcane Tower
50:42 Guard Tower
50:43 Guard Tower
50:47 Guard Tower
51:08 Guard Tower
51:21 Arcane Tower
» items
| Scroll of Regeneration | 2 | |
| Potion of Lesser Invulnerability | 3 | |
| Ivory Tower | 4 | |
| Helm of Valor | 1 | |
| Potion of Greater Healing | 1 | |
| Boots of Speed | 1 | |
| Orb of Fire | 2 | |
| Potion of Mana | 2 | |
| Potion of Healing | 1 | |
| Lesser Clarity Potion | 2 | |
19 total
team 2 (winner)
Blahsmack (
purple | 34 APM | 3402 actions | 99:51)
2 Archmage
1 Blizzard
1 Brilliance Aura
2 Blood Mage
1 Flame Strike
1 Siphon Mana
» actions
| Assign group hotkey | 1 | |
| Basic commands | 85 | |
| Build / train | 192 | |
| Enter build submenu | 70 | |
| Enter hero's abilities submenu | 6 | |
| Give item / drop item | 5 | |
| Remove unit from queue | 7 | |
| Right click | 1713 | |
| Select / deselect | 1017 | |
| Select group hotkey | 4 | |
| Use ability | 302 | |
3402 total
» units
| Peasant | 23 | |
| Goblin Shredder | 1 | |
| Dragonhawk Rider | 13 | |
| Sorceress | 2 | |
| Priest | 4 | |
| Goblin Zeppelin | 2 | |
45 total
» upgrades
| Masonry | 3 | |
| Lumber Harvesting | 2 | |
| Swords | 3 | |
| Armor | 3 | |
| Magic Sentry | 1 | |
| Animal War Training | 1 | |
| Cloud | 1 | |
| Sorceress Training | 2 | |
| Priest Training | 2 | |
| Gunpowder | 2 | |
| Plating | 2 | |
22 total
» buildings
| Altar of Kings | 1 | |
| Lumber Mill | 4 | |
| Farm | 7 | |
| Scout Tower | 104 | |
| Guard Tower | 68 | |
| Town Hall | 6 | |
| Arcane Vault | 6 | |
| Blacksmith | 1 | |
| Keep | 1 | |
| Gryphon Aviary | 3 | |
| Arcane Sanctum | 1 | |
| Castle | 1 | |
| Barracks | 1 | |
| Arcane Tower | 6 | |
210 total
» build order
00:06 Altar of Kings
00:16 Lumber Mill
00:28 Farm
01:04 Farm
01:28 Scout Tower
01:33 Scout Tower
01:42 Scout Tower
02:04 Guard Tower
02:30 Guard Tower
03:30 Town Hall
03:35 Scout Tower
03:36 Scout Tower
03:44 Scout Tower
03:55 Guard Tower
04:07 Scout Tower
04:09 Scout Tower
04:12 Scout Tower
04:39 Guard Tower
04:44 Guard Tower
04:51 Scout Tower
04:51 Scout Tower
05:03 Scout Tower
05:06 Scout Tower
05:12 Guard Tower
05:13 Guard Tower
05:21 Arcane Vault
05:28 Guard Tower
05:28 Guard Tower
05:37 Scout Tower
05:39 Scout Tower
05:44 Scout Tower
05:46 Scout Tower
05:49 Scout Tower
05:55 Guard Tower
06:00 Scout Tower
06:02 Scout Tower
06:03 Scout Tower
06:05 Scout Tower
06:10 Scout Tower
06:14 Scout Tower
06:18 Guard Tower
06:18 Guard Tower
06:43 Guard Tower
06:49 Blacksmith
07:00 Farm
07:01 Farm
07:03 Farm
07:37 Keep
07:51 Scout Tower
07:52 Scout Tower
07:53 Scout Tower
08:01 Scout Tower
08:02 Scout Tower
08:03 Scout Tower
08:09 Farm
08:11 Farm
08:14 Scout Tower
08:15 Scout Tower
08:28 Scout Tower
08:36 Guard Tower
08:36 Guard Tower
08:36 Guard Tower
08:40 Guard Tower
08:40 Guard Tower
08:49 Guard Tower
08:49 Guard Tower
08:50 Guard Tower
09:01 Guard Tower
09:01 Guard Tower
09:34 Guard Tower
09:34 Guard Tower
09:41 Guard Tower
09:41 Guard Tower
09:41 Guard Tower
10:53 Gryphon Aviary
10:56 Arcane Sanctum
11:13 Castle
11:15 Guard Tower
11:16 Guard Tower
11:32 Guard Tower
11:32 Guard Tower
11:43 Arcane Vault
12:03 Guard Tower
13:17 Lumber Mill
13:22 Barracks
13:29 Guard Tower
14:27 Scout Tower
14:28 Scout Tower
14:30 Scout Tower
14:50 Guard Tower
15:07 Guard Tower
16:25 Guard Tower
16:38 Gryphon Aviary
19:26 Arcane Vault
20:47 Town Hall
22:48 Arcane Vault
24:00 Arcane Vault
24:12 Scout Tower
24:13 Scout Tower
24:16 Scout Tower
24:17 Scout Tower
24:18 Scout Tower
24:18 Scout Tower
24:19 Scout Tower
24:25 Scout Tower
24:26 Scout Tower
24:27 Scout Tower
24:28 Scout Tower
24:31 Scout Tower
24:32 Scout Tower
24:53 Guard Tower
25:55 Guard Tower
26:53 Scout Tower
26:53 Scout Tower
26:54 Scout Tower
26:55 Scout Tower
26:56 Scout Tower
26:56 Scout Tower
26:58 Scout Tower
26:59 Scout Tower
26:59 Scout Tower
27:00 Scout Tower
27:01 Scout Tower
27:01 Scout Tower
27:04 Scout Tower
27:05 Scout Tower
27:09 Scout Tower
27:10 Scout Tower
27:11 Scout Tower
27:12 Scout Tower
27:21 Scout Tower
27:22 Scout Tower
27:23 Scout Tower
27:24 Scout Tower
27:25 Scout Tower
27:26 Scout Tower
27:31 Scout Tower
27:32 Scout Tower
27:33 Scout Tower
27:34 Scout Tower
27:35 Scout Tower
27:42 Scout Tower
27:44 Scout Tower
27:55 Guard Tower
27:55 Guard Tower
29:01 Guard Tower
29:14 Guard Tower
30:05 Guard Tower
30:05 Guard Tower
31:03 Guard Tower
31:13 Scout Tower
31:14 Scout Tower
31:15 Scout Tower
31:17 Scout Tower
31:18 Scout Tower
31:19 Scout Tower
31:27 Guard Tower
32:19 Guard Tower
32:19 Guard Tower
35:08 Guard Tower
35:08 Guard Tower
41:45 Town Hall
42:17 Scout Tower
42:19 Scout Tower
42:24 Scout Tower
42:27 Scout Tower
42:31 Town Hall
43:01 Town Hall
43:17 Guard Tower
45:06 Town Hall
45:27 Scout Tower
46:11 Guard Tower
46:21 Scout Tower
46:22 Scout Tower
46:24 Scout Tower
46:27 Scout Tower
46:28 Scout Tower
46:34 Scout Tower
46:38 Scout Tower
47:06 Guard Tower
47:35 Guard Tower
49:57 Gryphon Aviary
50:50 Scout Tower
51:25 Guard Tower
51:35 Scout Tower
52:09 Scout Tower
52:40 Guard Tower
52:47 Lumber Mill
52:52 Lumber Mill
53:09 Arcane Vault
54:25 Scout Tower
54:31 Scout Tower
54:44 Scout Tower
55:33 Arcane Tower
55:47 Arcane Tower
55:49 Arcane Tower
55:50 Arcane Tower
56:46 Arcane Tower
57:51 Arcane Tower
75:10 Guard Tower
76:02 Guard Tower
» items
| Scroll of Regeneration | 1 | |
| Mantle of Intelligence +3 | 1 | |
| Potion of Healing | 6 | |
| Orb of Fire | 3 | |
| Potion of Mana | 6 | |
| Lesser Clarity Potion | 1 | |
| Staff of Teleportation | 2 | |
| Ivory Tower | 15 | |
| Scroll of Town Portal | 1 | |
36 total
Gobiner (
blue | 38 APM | 3825 actions | 99:51)
7 Tauren Chieftain
3 Shockwave
3 Endurance Aura
1 Reincarnation
7 Pandaren Brewmaster
3 Breath of Fire
3 Drunken Brawler
1 Storm Earth and Fire
» actions
| Assign group hotkey | 54 | |
| Basic commands | 26 | |
| Build / train | 110 | |
| ESC pressed | 1 | |
| Enter build submenu | 40 | |
| Enter hero's abilities submenu | 17 | |
| Give item / drop item | 20 | |
| Right click | 1604 | |
| Select / deselect | 721 | |
| Select group hotkey | 813 | |
| Use ability | 419 | |
3825 total
» units
» upgrades
| Spiked Barricades | 1 | |
| Liquid Fire | 1 | |
| Pillage | 1 | |
| Ranged Weapons | 3 | |
| Armor | 3 | |
| Reinforced Defenses | 1 | |
10 total
» buildings
| Altar of Storms | 1 | |
| Orc Burrow | 4 | |
| War Mill | 1 | |
| Voodoo Lounge | 1 | |
| Watch Tower | 37 | |
| Stronghold | 1 | |
| Fortress | 1 | |
| Beastiary | 2 | |
| Great Hall | 1 | |
49 total
» build order
00:07 Altar of Storms
00:17 Orc Burrow
00:31 War Mill
01:28 Voodoo Lounge
01:46 Watch Tower
02:07 Orc Burrow
02:22 Watch Tower
02:54 Watch Tower
03:40 Watch Tower
03:49 Watch Tower
04:34 Watch Tower
05:03 Stronghold
05:25 Watch Tower
05:28 Watch Tower
06:19 Watch Tower
06:21 Watch Tower
07:13 Watch Tower
07:15 Watch Tower
07:25 Fortress
08:02 Beastiary
08:24 Beastiary
08:34 Watch Tower
08:37 Watch Tower
09:42 Orc Burrow
09:42 Orc Burrow
13:48 Watch Tower
13:50 Watch Tower
13:50 Watch Tower
13:51 Watch Tower
13:53 Watch Tower
14:33 Watch Tower
14:36 Watch Tower
15:27 Watch Tower
16:31 Great Hall
16:38 Watch Tower
16:39 Watch Tower
16:40 Watch Tower
16:40 Watch Tower
16:44 Watch Tower
18:56 Watch Tower
18:57 Watch Tower
18:58 Watch Tower
18:59 Watch Tower
19:00 Watch Tower
21:00 Watch Tower
21:03 Watch Tower
21:07 Watch Tower
21:07 Watch Tower
62:15 Watch Tower
» items
| Healing Salve | 6 | |
| Lesser Clarity Potion | 13 | |
| Scroll of Speed | 1 | |
| Boots of Speed | 2 | |
| Staff of Teleportation | 2 | |
| Orb of Lightning | 2 | |
| Staff of Sanctuary | 2 | |
| Potion of Healing | 1 | |
| Hood of Cunning | 1 | |
| Potion of Mana | 2 | |
| Khadgar's Gem of Health | 1 | |
| Mechanical Critter | 6 | |
39 total
LemmeSmellYoDic (
red | 121 APM | 12062 actions | 99:53)
9 Tauren Chieftain
3 Shockwave
3 Endurance Aura
1 Reincarnation
2 War Stomp
3 Archmage
2 Brilliance Aura
1 Blizzard
8 Pandaren Brewmaster
2 Breath of Fire
3 Drunken Haze
1 Storm Earth and Fire
2 Drunken Brawler
1 Blood Mage
1 Flame Strike
» actions
| Assign group hotkey | 41 | |
| Basic commands | 279 | |
| Build / train | 172 | |
| ESC pressed | 7 | |
| Enter build submenu | 77 | |
| Enter hero's abilities submenu | 21 | |
| Give item / drop item | 33 | |
| Right click | 5305 | |
| Select / deselect | 1070 | |
| Select group hotkey | 4286 | |
| Use ability | 769 | |
12062 total
» units
| Peon | 16 | |
| Troll Batrider | 39 | |
| Goblin Zeppelin | 3 | |
| Goblin Shredder | 1 | |
| Wind Rider | 8 | |
67 total
» upgrades
| Reinforced Defenses | 1 | |
| Liquid Fire | 1 | |
| Ranged Weapons | 3 | |
| Armor | 4 | |
| Backpack | 1 | |
| Spiked Barricades | 3 | |
| Envenomed Spears | 1 | |
| Troll Regeneration | 1 | |
15 total
» buildings
| Altar of Storms | 1 | |
| Orc Burrow | 8 | |
| War Mill | 1 | |
| Voodoo Lounge | 1 | |
| Watch Tower | 60 | |
| Stronghold | 3 | |
| Beastiary | 2 | |
| Fortress | 3 | |
| Great Hall | 3 | |
| Barracks | 1 | |
83 total
» build order
00:08 Altar of Storms
00:15 Orc Burrow
00:51 War Mill
01:23 Orc Burrow
01:56 Voodoo Lounge
02:06 Watch Tower
03:49 Stronghold
03:50 Stronghold
03:56 Watch Tower
03:57 Watch Tower
03:59 Watch Tower
04:00 Watch Tower
04:15 Watch Tower
04:16 Watch Tower
04:19 Watch Tower
05:04 Watch Tower
05:27 Watch Tower
05:28 Watch Tower
05:28 Watch Tower
05:52 Orc Burrow
06:45 Watch Tower
06:46 Watch Tower
06:46 Watch Tower
07:45 Beastiary
08:56 Orc Burrow
09:31 Fortress
09:31 Fortress
10:57 Great Hall
13:25 Beastiary
13:29 Watch Tower
13:30 Watch Tower
13:31 Watch Tower
13:32 Watch Tower
13:33 Watch Tower
13:34 Watch Tower
13:35 Watch Tower
13:38 Watch Tower
15:21 Watch Tower
17:09 Great Hall
18:18 Great Hall
21:15 Watch Tower
22:23 Watch Tower
22:23 Watch Tower
22:24 Watch Tower
22:24 Watch Tower
24:49 Watch Tower
24:49 Watch Tower
24:49 Watch Tower
27:09 Barracks
27:35 Watch Tower
27:36 Watch Tower
27:36 Watch Tower
27:37 Watch Tower
27:58 Watch Tower
27:59 Watch Tower
30:17 Watch Tower
30:17 Watch Tower
30:18 Watch Tower
32:07 Watch Tower
32:08 Watch Tower
32:08 Watch Tower
42:08 Watch Tower
42:10 Watch Tower
42:12 Watch Tower
45:37 Watch Tower
45:38 Watch Tower
46:15 Watch Tower
47:38 Watch Tower
50:14 Orc Burrow
50:14 Orc Burrow
50:15 Orc Burrow
50:46 Watch Tower
51:34 Watch Tower
51:35 Watch Tower
51:38 Watch Tower
51:44 Watch Tower
51:49 Watch Tower
53:28 Watch Tower
53:56 Watch Tower
53:59 Watch Tower
54:32 Orc Burrow
» items
| Healing Salve | 5 | |
| Lesser Clarity Potion | 13 | |
| Scroll of Speed | 1 | |
| Boots of Speed | 2 | |
| Staff of Teleportation | 2 | |
| Orb of Lightning | 3 | |
| Potion of Healing | 3 | |
| Potion of Mana | 10 | |
| Pendant of Mana | 2 | |
| Staff of Silence | 1 | |
| Scroll of Regeneration | 2 | |
| Staff of Sanctuary | 2 | |
| Scroll of Town Portal | 7 | |
53 total
Chat log
(00:14 / All) SpinningLlama: You can smell my dick.
(00:19 / All) Gobiner: so wat u need to do is lemme smell yo dick
(00:20 / All) LemmeSmellYoDic: ok
(10:03 / Allies) Gobiner: hood of cumming
(10:58 / All) SpinningLlama: Well done
(11:06 / All) LemmeSmellYoDic: me?
(20:36 / Allies) Gobiner: so
(20:36 / Allies) Gobiner: gay
(24:49 / Allies) Gobiner: batting bats good idea or no
(29:08 / Allies) LemmeSmellYoDic: welp
(32:27 / All) LemmeSmellYoDic: owned
(45:56 / All) LemmeSmellYoDic: 2ez noobs
(47:15 / Allies) LemmeSmellYoDic: welp
(52:54 / Allies) Gobiner: gay
(57:51 / All) LemmeSmellYoDic: lmao noobs
(62:59 / All) LemmeSmellYoDic: well im sure you still have plenty of gold to replace all those hawks
(63:07 / All) LemmeSmellYoDic: so i wouldntr worry about those wyrms either!
(63:25 / All) Blahsmack: there just like 380 gold
(63:28 / Allies) Blahsmack: right
(68:05 / Allies) Gobiner: scan
(68:14 / Allies) Gobiner: we should hit that
(71:33 / All) Blahsmack: now where did those hawks get to!?
(72:46 / All) Gobiner: fuck
(72:51 / All) Gobiner: he's only got 1350 hp
(72:56 / All) Blahsmack: told you towers
(72:58 / All) Blahsmack: dont work
(73:08 / All) LemmeSmellYoDic: nice heroes dude
(73:11 / All) Gobiner: get that panda
(73:15 / All) Gobiner: PANDA PANDA PANDA
(83:29 / All) Blahsmack: 2ez
(85:41 / All) Gobiner: so wat u need to do is lemme smell yo dick
(88:02 / All) Blahsmack: let me smell yo dick
(90:04 / All) LemmeSmellYoDic: 2ez
(90:05 / All) Gobiner: 2ez
(90:24 / Allies) Gobiner: If you aren't :lol:-ing at these, just get out. Stop towering, uninstall war3 and hit Alt+F4 in the game of life. K? Bye.
(90:45 / All) Gobiner: uninstall war3 and hit Alt+F4 in the game of life. K? Bye.
(95:13 / All) Blahsmack: vye lich
(95:15 / All) Blahsmack: bye
(95:16 / All) LemmeSmellYoDic: 2EZ
(96:21 / All) LemmeSmellYoDic: 2EZ
(96:26 / All) Blahsmack: way 2 ez
(97:28 / All) Blahsmack: way 2 ez
(97:35 / All) Blahsmack: you can leave now
(98:14 / Allies) Blahsmack: this going afk strat doesnt seem to fair to well in wc3